 Dungeon Crawl Stone Soup version 0.32-a0-616-g9348d4545b (webtiles) character file.

Game seed: 6670028705409732612

559 BubbleThief the Grave Robber (level 7, -1/50 (52) HPs)
             Began as a Demonspawn Necromancer on Mar 5, 2024.
             Slain by Pargi (3 damage)
             ... on level 4 of the Dungeon.
             The game lasted 00:07:06 (4329 turns).

BubbleThief the Grave Robber (DsNe)                 Turns: 4329, Time: 00:07:07

HP:   -1/50 (52)    AC:  2    Str:  9    XL:     7   Next: 9%
MP:   9/14          EV: 14    Int: 17    God:
Gold: 198           SH:  5    Dex: 13    Spells: 5/15 levels left

rFire   . . .        n - +0 trident
rCold   . . .        (no shield)
rNeg    . . .        a - +0 robe
rPois   .            (no helmet)
rElec   .            (no cloak)
rCorr   .            (no gloves)
SInv    .            (no boots)
Will    .....        g - amulet of reflection
Stlth   ++           (no ring)
HPRegen 0.28/turn    (no ring)
MPRegen 0.14/turn

%: reflection
@: weak-willed, lightly drained
A: repulsion field 1, foul stench 1, weakness stinger 1
a: no special abilities


You were on level 4 of the Dungeon.
You visited 2 branches of the dungeon, and saw 6 of its levels.

You collected 198 gold pieces.

Inventory:

Hand Weapons
 i - a +3 dagger of protection
 n - a +0 trident (weapon)
Armour
 a - a +0 robe (worn)
Jewellery
 g - an amulet of reflection (around neck)
Scrolls
 e - 2 scrolls of identify
Potions
 b - a potion of magic
 c - 2 potions of curing
 d - a potion of heal wounds
 f - 2 potions of attraction
 l - 2 potions of cancellation {unknown}
 m - a potion of mutation {unknown}
 o - 2 potions of might {unknown}
 p - a potion of invisibility {unknown}
 q - a potion of ambrosia {unknown}


   Skills:
 + Level 3.4 Fighting
 - Level 1.7 Dodging
 - Level 1.7 Stealth
 + Level 4.8 Spellcasting
 - Level 6.5 Necromancy


You had 5 spell levels left.
You knew the following spells:

 Your Spells              Type           Power      Damage    Failure   Level
a - Necrotise             Necr           100%       1d9       1%          1
b - Animate Dead          Necr           26%        N/A       10%         4
c - Curse of Agony        Necr           26%        N/A       26%         5

Your spell library contained the following spells:

 Spells                   Type           Power      Damage    Failure   Level
 Vampiric Draining        Necr           26%        2d7       3%          3
 Dazzling Flash           Conj/Hex       8%         N/A       41%         3
 Mephitic Cloud           Conj/Alch/Air  4%         N/A       41%         3
 Silence                  Hex/Air        2%         N/A       99%         5


Dungeon Overview and Level Annotations

Branches:
Dungeon (5/15)             Temple (1/1) D:5

Altars:
Cheibriados
Dithmenos
Fedhas
Hepliaklqana
Makhleb
Nemelex Xobeh
Qazlal
Ru
Sif Muna
Trog
Uskayaw
Vehumet
Wu Jian
Xom
Yredelemnul

Shops:
D:2 ?

Annotations:
D:3 Sigmund
D:4 Pargi


Innate Abilities, Weirdness & Mutations

You are surrounded by a mild repulsion field. (EV +2)
You may rarely emit foul miasma when damaged in melee.
You have a small tail.


Message History

As you read the scroll labelled ECUZOV JEKU, it crumbles to dust.
A wave of despondency washes over your surroundings.
It was a scroll of vulnerability.
The kobold closely misses you. Pargi bites you but does no damage.
You block Pargi's attack. Pargi claws you but does no damage.
Okay, then.
The kobold throws a stone.
The stone closely misses you.
Pargi snarls, "My home!
Leave!"
Pargi attacks as he pursues you! Pargi bites you! You block Pargi's attack.
Pargi barely misses you. Pargi attacks as he pursues you!
You block Pargi's attack. Pargi barely misses you. x2
Pargi attacks as he pursues you! Pargi bites you! Pargi closely misses you.
Pargi claws you. Pargi attacks as he pursues you! Pargi barely misses you.
Pargi closely misses you. Pargi claws you. Pargi attacks as he pursues you!
Pargi completely misses you. Pargi claws you.
Pargi claws you but does no damage.
There is a stone staircase leading down here.
Pargi closely misses you. Pargi claws you.
You emit a cloud of foul miasma!
Pargi claws you but does no damage.
You climb downwards.
There is a stone staircase leading up here.
Pargi attacks as he pursues you! Pargi bites you. Pargi misses you.
Pargi claws you but does no damage. Pargi attacks as he pursues you!
Pargi bites you.
* * * LOW HITPOINT WARNING * * *
Pargi claws you.
* * * LOW HITPOINT WARNING * * *
Pargi claws you but does no damage. Pargi attacks as he pursues you!
Pargi bites you.
* * * LOW HITPOINT WARNING * * *
You emit a cloud of foul miasma!
Pargi closely misses you. Pargi claws you.
* * * LOW HITPOINT WARNING * * *
Pargi is engulfed in dark miasma.
Pargi is poisoned.
Pargi attacks as he pursues you! Pargi closely misses you.
Pargi claws you but does no damage. Pargi claws you.
* * * LOW HITPOINT WARNING * * *
Pargi attacks as he pursues you! Pargi bites you.
You die...

#.# #.##.#.###....)(..........
#.### #.................########
(...# ####.#.###.##.###.########
#.#.### #.#.# #○##.# #.........
......#####.#.###.##.###.########
#...............#.#...........###
###...#####.#.#.#.#.##.#.####....
# #...........#.#T#.##<#.# #####
###..######.)...@.#.##.#.# .....#
#..##.###.##.#.#
####.######..##.###.##.#.# ##
#........#)#.##...#.#.####### .#
####.##.###..#..............# .#
#.#.## ##.#...>.####.###.# .#
#..## ##....#.# #.# #.# .# #.#.##
##.#.###.# #.# #.# .#
#.##.###.##.# #.# #.# #.#


You could see Pargi (poisoned, weak-willed).

Vanquished Creatures
  An ice beast (D:5)
  A centaur (D:5)
  A scorpion (D:4)
  2 bombardier beetles
  An orc priest (D:5)
  2 iguanas (D:4)
  3 orc wizards (D:5)
  4 adders
  A shadow imp (D:5)
  A dart slug (D:1)
  4 orcs (D:5)
  A bat (D:2)
  8 endoplasms
  2 giant cockroaches (D:1)
  5 goblins
  4 hobgoblins
  6 jackals (D:2)
  A quokka (D:1)
  5 ball pythons
  3 frilled lizards
  6 kobolds
  4 rats
66 creatures vanquished.

Vanquished Creatures (collateral kills)
  A bat (D:2)
1 creature vanquished.

Grand Total: 67 creatures vanquished

Notes
Turn   | Place    | Note
-------+----------+-------------------------------------------
     0 | D:1      | BubbleThief the Demonspawn Necromancer began the quest for
                  | the Orb.
     0 | D:1      | Reached XP level 1. HP: 13/13 MP: 3/3
   394 | D:1      | Gained mutation: You have a small tail. [demonic ancestry]
   394 | D:1      | Reached XP level 2. HP: 19/19 MP: 0/5
  1139 | D:2      | Reached skill level 5 in Necromancy
  1299 | D:2      | Found Ibucsim's Magic Scroll Shoppe.
  1397 | D:2      | Reached XP level 3. HP: 24/24 MP: 4/6
  2053 | D:3      | Noticed Sigmund
  2122 | D:3      | Noticed Pargi
  2165 | D:3      | Gained mutation: You are surrounded by a mild repulsion
                  | field. (EV +2) [demonic ancestry]
  2165 | D:3      | Reached XP level 4. HP: 30/30 MP: 4/8
  2273 | D:4      | Reached skill level 6 in Necromancy
  2310 | D:4      | Noticed a scorpion
  2316 | D:4      | Killed a scorpion
  2317 | D:4      | Reached XP level 5. HP: 25/35 MP: 2/10
  2751 | D:4      | Reached skill level 1 in Fighting
  2891 | D:4      | Reached XP level 6. HP: 43/43 MP: 7/11
  3017 | D:5      | Entered Level 5 of the Dungeon
  3131 | D:5      | Learned a level 4 spell: Animate Dead
  3137 | D:5      | Learned a level 5 spell: Curse of Agony
  3188 | D:5      | Noticed an ice beast
  3198 | D:5      | Killed an ice beast
  3687 | D:5      | Gained mutation: You may rarely emit foul miasma when
                  | damaged in melee. [demonic ancestry]
  3687 | D:5      | Reached XP level 7. HP: 38/52 MP: 3/14
  4050 | D:5      | Found a staircase to the Ecumenical Temple.
  4069 | Temple   | Entered the Ecumenical Temple
  4327 | D:4      | HP: 1/50 [Pargi (4)]
  4329 | D:4      | Slain by Pargi

Illustrated notes

Levels and vault maps discovered:
D:1:      dpeg_arrival_lava_temple_mockup, layout_basic
D:2:      layout_loops_ring, serial_shops, shop
D:3:      layout_rooms, uniq_sigmund, uniq_pargi, uniq_crazy_yiuf_cottage
D:4:      layout_loops_ring
D:5:      layout_basic, minmay_temple_entry_offerings
Temple:   bh_familiar_temple

Skill      XL: |  1  2  3  4  5  6 |
---------------+-------------------+-----
Necromancy     | 5 6 |  6.5
Spellcasting   | 3 4 |  4.8
Fighting       | 1 3 |  3.4
Dodging        | |  1.7
Stealth        | |  1.7

Action                     |  1- 3 |  4- 6 |  7- 9 || total
---------------------------+-------+-------+-------++-------
  Melee: Lajatang          |     6 |       |       ||     6
         Dagger            |    22 |     9 |       ||    31
         Tailslap          |     3 |     2 |       ||     5
   Cast: Necrotise         |    64 |    67 |    14 ||   145
    Use: Scroll            |       |       |     4 ||     4
         Potion            |       |       |     2 ||     2
   Stab: Sleeping          |     2 |       |       ||     2
 Armour: Robe              |    22 |    16 |    48 ||    86
  Dodge: Dodged            |    32 |    13 |    34 ||    79
  Block: Other             |     6 |     7 |     9 ||    22
         Reflection        |       |     1 |       ||     1

Table legend: (Time is in decaauts)
 A = Elapsed time spent in this place.
 B = Non-inter-level travel time spent in this place.
 C = Inter-level travel time spent in this place.
 D = Time resting spent in this place.
 E = Time spent auto-exploring this place.
 F = Levels seen in this place.
 G = Mean time per level.
                   A        B        C        D        E       F      G
               +--------+--------+--------+--------+--------+-----+--------+
         Total |   4331 |   4183 |    148 |      8 |   3591 |   6 |  721.8 |
       Dungeon |   4329 |   4181 |    148 |      8 |   3591 |   5 |  865.8 |
        Temple |      1 |      1 |      0 |      0 |      0 |   1 |    1.0 |
               +--------+--------+--------+--------+--------+-----+--------+

Top non-repeatable levels by time:
     D:5: 1215 daAuts
     D:1: 1095 daAuts
     D:2: 1003 daAuts
     D:4: 859 daAuts
     D:3: 154 daAuts
  Temple: 1 daAuts
